 Dungeon Crawl Stone Soup version 0.26.0-10-g1f06aea511 (webtiles) character file.

Game seed: 12671245712740930584

88 inmateoo the Insei (level 4, -1/24 HPs)
             Began as a Vine Stalker Monk on Jan 15, 2021.
             Slain by Sigmund
             ... wielding a +3 vampiric scythe
              (2 damage)
             ... on level 4 of the Dungeon.
             The game lasted 00:04:18 (1063 turns).

inmateoo the Insei (Vine Stalker Monk)              Turns: 1063, Time: 00:04:19

Health: -1/24      AC:  9    Str: 10 (13) XL:     4   Next: 53%
Magic:  0/5        EV: 11    Int:  8 (10) God:
Gold:   46         SH:  0    Dex: 17 (18) Spells: 3/3 levels left

rFire    . . .     SeeInvis +     - Unarmed
rCold    . . .     Faith    .   (no shield)
rNeg     . . .     Spirit   +   j - +0 ring mail
rPois    .         Reflect  .   (no helmet)
rElec    .         Harm     .   (no cloak)
rCorr    .         Rampage  .   (no gloves)
Will     .....                  (no boots)
Stlth    ..........             (no amulet)
HPRegen  0.48/turn              c - ring of see invisible
MPRegen  0.09/turn              k - +4 ring of protection

@: confused, lethally poisoned (-1 -> -1)
A: fangs 2, regeneration 1, magic shield, antimagic bite, no potion heal 3
a: no special abilities


You were on level 4 of the Dungeon.
You visited 1 branch of the dungeon, and saw 4 of its levels.

You collected 46 gold pieces.

Inventory:

Missiles
 a - 20 poisoned darts (quivered)
Armour
 j - a +0 ring mail (worn)
Jewellery
 c - a ring of see invisible (left hand)
 k - a +4 ring of protection (right hand)
Scrolls
 d - a scroll of remove curse
 h - a scroll of enchant weapon
Potions
 e - a potion of flight
 f - a potion of curing {unknown}
 l - a potion of attraction


   Skills:
 + Level 3.3 Fighting
 + Level 1.4 Armour
 + Level 3.0 Dodging
 - Level 2.4 Stealth
 + Level 3.6 Unarmed Combat


You had 3 spell levels left.
You didn't know any spells.
Your spell library was empty.

Dungeon Overview and Level Annotations

Branches:
Dungeon (4/15)
 Temple: D:4-7

Altars:

Annotations:
D:4 Sigmund


Innate Abilities, Weirdness & Mutations

You have extremely sharp teeth.
Your natural rate of healing is unusually fast.
When hurt, damage is shared between your health and your magic reserves.
Your bite disrupts and absorbs the magic of your enemies.
Potions cannot restore your health.


Message History

Your system rejects the healing.
You feel invigorated. Sigmund casts a spell at you.
The puff of flame hits you but does no damage.
You're too confused to attack without stumbling around!
You barely miss Sigmund.
Sigmund is moderately wounded.
Sigmund closely misses you.
You bump into the rock wall.
You feel sick. Sigmund barely misses you.
You hit Sigmund. Your bite misses Sigmund.
Sigmund is heavily wounded.
You bump into the rock wall.
Sigmund casts a spell at you. The magic dart hits you.
* * * LOW HITPOINT WARNING * * *
It was a potion of degeneration.
There was something very wrong with that liquid.
You feel weakened.
You feel dopey.
You feel clumsy.
You feel sick.
Sigmund hits you with a +3 vampiric scythe!
You die...

#.....#.......
#.....#..<....
#.....#.......
#.............
#####.....###.....
#.................
#.###.........###.
#.# ########..# .
#@# .... #@### #.
#...# #..........#
#...(.......#
#...........#
#...........#
##.........##
#..........


You could see Sigmund (invisible).

Vanquished Creatures
  5 adders
  A worm (D:2)
  A dart slug (D:2)
  A leopard gecko (D:2)
  4 orcs (D:3)
  8 bats
  A giant cockroach (D:2)
  2 goblins (D:1)
  4 hobgoblins
  A quokka (D:2)
  2 frilled lizards
  2 kobolds (D:3)
  A rat (D:1)
33 creatures vanquished.

Notes
Turn   | Place    | Note
-------+----------+-------------------------------------------
     0 | D:1      | inmateoo the Vine Stalker Monk began the quest for the Orb.
     0 | D:1      | Reached XP level 1. HP: 11/11 MP: 2/2
   284 | D:2      | Reached XP level 2. HP: 16/16 MP: 1/3
   443 | D:2      | Reached XP level 3. HP: 10/20 MP: 4/4
   588 | D:2      | Reached skill level 1 in Armour
   820 | D:3      | Gained mutation: Your natural rate of healing is unusually
                  | fast. [Vine Stalker growth]
   820 | D:3      | Reached XP level 4. HP: 12/24 MP: 2/5
  1037 | D:4      | Noticed Sigmund
  1063 | D:4      | HP: 1/24 [poisoned by an adder]
  1063 | D:4      | Slain by Sigmund

Illustrated notes

Levels and vault maps discovered:
D:1:      sevenhm_arrival_forest_fort_large_2, layout_loops_cross
D:2:      layout_basic
D:3:      layout_loops_corners, fedhas_altar_fruit_tree
D:4:      layout_rooms, uniq_sigmund

Skill      XL: |  1  2  3  4 |
---------------+-------------+-----
Fighting       | 3 |  3.3
Armour         | 1 |  1.4
Dodging        | 3 |  3.0
Stealth        | |  2.4
Unarmed Combat | |  3.6

Action                   |  1- 3 |  4- 6 || total
-------------------------+-------+-------++-------
Melee: Unarmed           |    72 |    32 ||   104
       Bite              |    14 |    11 ||    25
       Punch             |     3 |       ||     3
  Use: Scroll            |     7 |     1 ||     8
       Potion            |       |     2 ||     2
 Stab: Sleeping          |     3 |       ||     3
Armor: Leather armour    |    12 |       ||    12
       Ring mail         |    10 |     9 ||    19
Dodge: Dodged            |    40 |    19 ||    59
